 Dungeon Crawl Stone Soup version 0.31-a0-750-gfe7b580527 (webtiles) character file.

Game seed: 577204784474396577

343 Dittersdorf the Covered (level 6, 0/40 HPs)
             Began as a Gargoyle Fighter on Sept 14, 2023.
             Slain by a sixfirhy (3 damage)
             ... on level 1 of the Abyss.
             The game lasted 00:04:39 (3506 turns).

Dittersdorf the Covered (Gargoyle Fighter)          Turns: 3506, Time: 00:04:40

Health: 0/40       AC: 17    Str: 22    XL:     6   Next: 57%
Magic:  6/6        EV:  8    Int:  8    God:
Gold:   190        SH:  4    Dex:  9    Spells: 5/5 levels left

rFire   . . .        a - +0 flail
rCold   . . .        c - +0 buckler
rNeg    + . .        u - +0 chain mail
rPois   ∞            e - +0 helmet
rElec   +            o - scarf {repulsion}
rCorr   .            h - +0 pair of gloves
SInv    .            g - +0 pair of boots
Will    .....        (no amulet) Stlth
                     n - ring of wizardry
HPRegen 0.26/turn    (no ring)
MPRegen 0.10/turn

%: repel missiles, wizardry (x1)
@: about to teleport
A: sickness immunity, AC +4, negative energy resistance 1, electricity
resistance, torment resistance 1, petrification resistance
a: no special abilities


You were on level 1 of the Abyss.
You visited 1 branch of the dungeon, and saw 4 of its levels.
You visited the Abyss 1 time.

You collected 190 gold pieces.

Inventory:

Hand Weapons
 a - a +0 flail (weapon)
Armour
 c - a +0 buckler (worn)
 e - a +0 helmet (worn)
 g - a +0 pair of boots (worn)
 h - a +0 pair of gloves (worn)
 o - a scarf of repulsion (worn)
 u - a +0 chain mail (worn)
Jewellery
 n - a ring of wizardry (left hand)
Scrolls
 i - a scroll of vulnerability {unknown}
 j - 2 scrolls of teleportation
 r - a scroll of brand weapon {unknown}
 s - a scroll of fog {unknown}
Potions
 b - a potion of mutation {unknown}
 d - 3 potions of might
 f - a potion of ambrosia {unknown}
 k - a potion of brilliance {unknown}
 l - a potion of magic {unknown}
 p - a potion of haste {unknown}


   Skills:
 + Level 4.8 Fighting
 + Level 3.7 Maces & Flails
 + Level 4.8 Armour
 + Level 4.8 Shields


You had 5 spell levels left.
You didn't know any spells.
Your spell library contained the following spells:

 Spells                   Type           Power      Damage    Failure   Level
 Apportation              Tloc           0%         N/A       75%         1
 Necrotise                Necr           0%         1d4       75%         1
 Summon Small Mammal      Summ           0%         N/A       75%         1
 Jinxbite                 Hex            0%         N/A       86%         2
 Volatile Blastmotes      Fire/Tloc      0%         2d10      97%         3
 Fulminant Prism          Conj/Hex       0%         3d5       100%        4
 Iskenderun's Mystic Bla  Conj/Tloc      0%         2d3       100%        4
 Alistair's Intoxication  Tmut/Pois      0%         N/A       100%        5


Dungeon Overview and Level Annotations

Branches:
Dungeon (4/15)
 Temple: D:4-7

Altars:
Qazlal
Yredelemnul


Innate Abilities, Weirdness & Mutations

You are immune to sickness and miasma.
Your stone body is resilient. (AC +4)
You are immune to poison.
You resist negative energy. (rN+)
You are resistant to electric shocks. (rElec)
You are resistant to unholy torment.
You are immune to petrification.


Message History

You are too injured to fight recklessly!
You are too injured to fight recklessly!
The orc attacks as it pursues you! The orc hits you but does no damage.
Something hits you but does no damage.
You barely miss something. The orc hits you but does no damage.
You are cast into the Abyss!
This branch contains the abyssal rune of Zot.
Reactivating autopickup.
You bump into the rock wall.
You bump into the rock wall.
You're too confused to move!
You feel less confused.
You start resting.
You are suddenly pulled into a different region of the Abyss!
You start resting.
A thrashing horror emerges from chaos.
You start resting.
HP restored.
A sixfirhy comes into view.
The sixfirhy completely misses you. The sixfirhy hits you!
The sixfirhy shocks you. You resist.
The sixfirhy hits you but does no damage.
The sixfirhy attacks as it pursues you! The sixfirhy barely misses you.
The sixfirhy hits you but does no damage. x2
As you read the scroll of teleportation, it crumbles to dust.
You feel strangely unstable.
You feel the power of the Abyss delaying your translocation!
The sixfirhy hits you but does no damage.
The sixfirhy hits you! The sixfirhy shocks you. You resist.
You block the sixfirhy's attack.
The sixfirhy closely misses you. x2; The sixfirhy hits you!
* * * LOW HITPOINT WARNING * * *
The sixfirhy shocks you. You resist.
* * * LOW HITPOINT WARNING * * *
An ufetubus comes into view.
The ufetubus shouts!
The sixfirhy hits you.
* * * LOW HITPOINT WARNING * * *
The sixfirhy shocks you. You resist.
You die...

. . #. . # ...
#.# ..###.. ...##
#..#..#
#..###..#..#
#.@#.....####
#....#3..#...#.##
#
#....###.........
. #.#.. ##....#..
.# .. ..5
#.#.##.###.. ##
#..# #.....#. .#
#.# #.#..###.# ..
###.##.. ###
##....##.#


You could see a sixfirhy and an ufetubus.

Vanquished Creatures
  Blork the orc (D:4)
  A scorpion (D:4)
  2 orc priests
  A sleepcap (D:4)
  An orc wizard (D:4)
  4 adders
  A dart slug (D:1)
  10 orcs
  3 bats
  5 endoplasms
  3 giant cockroaches
  4 goblins
  8 hobgoblins
  3 jackals (D:1)
  4 quokkas
  2 ball pythons
  2 frilled lizards (D:2)
  7 kobolds
  2 rats
64 creatures vanquished.

Notes
Turn   | Place    | Note
-------+----------+-------------------------------------------
     0 | D:1      | Dittersdorf the Gargoyle Fighter began the quest for the
                  | Orb.
     0 | D:1      | Reached XP level 1. HP: 14/14 MP: 1/1
    98 | D:1      | Reached XP level 2. HP: 19/19 MP: 2/2
   181 | D:1      | Found a faded altar of an unknown god.
   792 | D:2      | Reached XP level 3. HP: 9/23 MP: 3/3
  1322 | D:2      | Reached XP level 4. HP: 24/29 MP: 4/4
  1934 | D:2      | Reached XP level 5. HP: 18/33 MP: 5/5
  2134 | D:3      | Found a basalt altar of Yredelemnul.
  2159 | D:3      | Noticed an air elemental
  2161 | D:3      | Found a stormy altar of Qazlal.
  2163 | D:3      | Noticed a fire elemental
  2163 | D:3      | Noticed a water elemental
  2864 | D:4      | Reached XP level 6. HP: 37/39 MP: 6/6
  2978 | D:4      | Noticed Blork the orc
  3015 | D:4      | Killed Blork the orc
  3353 | Abyss:1  | Cast into level 1 of the Abyss (orc)
  3452 | Abyss:1  | Noticed a thrashing horror
  3494 | Abyss:1  | Noticed a sixfirhy
  3506 | Abyss:1  | Slain by a sixfirhy

Illustrated notes

Levels and vault maps discovered:
D:1:      dpeg_arrival_pits, layout_basic, hellmonk_ecumenical_altar_dog_temple,
          hex_medium
D:2:      layout_loops_cross, patterned_corridor
D:3:      minmay_door_path, layout_basic, nicolae_qazlal_style_of_elements,
          mainiacjoe_overflow_paths, serial_curves, eino_curves_02,
          eino_curves_02
D:4:      layout_loops_ring, minmay_manual_mares, uniq_crazy_yiuf_cottage,
          uniq_blork_the_orc
Abyss:1:  base:
Temple

Skill      XL: |  1  2  3  4 |
---------------+-------------+-----
Shields        | 4 |  4.8
Fighting       | 4 |  4.8
Armour         | 4 |  4.8
Maces & Flails | 3 |  3.7

Action                     |  1- 3 |  4- 6 || total
---------------------------+-------+-------++-------
  Melee: Flail             |   135 |   150 ||   285
    Use: Scroll            |       |     7 ||     7
 Armour: Scale mail        |   114 |    50 ||   164
         Chain mail        |       |    81 ||    81
  Dodge: Dodged            |    70 |    78 ||   148
  Block: Buckler           |    37 |    31 ||    68

Table legend: (Time is in decaauts)
 A = Elapsed time spent in this place.
 B = Non-inter-level travel time spent in this place.
 C = Inter-level travel time spent in this place.
 D = Time resting spent in this place.
 E = Time spent auto-exploring this place.
 F = Levels seen in this place.
 G = Mean time per level.
                   A        B        C        D        E       F      G
               +--------+--------+--------+--------+--------+-----+--------+
         Total |   3594 |   3485 |    109 |    434 |   2307 |   5 |  718.8 |
       Dungeon |   3441 |   3332 |    109 |    328 |   2307 |   4 |  860.2 |
         Abyss |    152 |    152 |      0 |    106 |      0 |   1 |  152.0 |
               +--------+--------+--------+--------+--------+-----+--------+

Top non-repeatable levels by time:
     D:2: 1132 daAuts
     D:3: 965 daAuts
     D:1: 753 daAuts
     D:4: 589 daAuts
 Abyss:1: 152 daAuts
